 Dungeon Sprint DCSS version 0.24.0-1-gfbc8707 (webtiles) character file.

Game seed: 10520065369852547354, levelgen mode: deterministic

7975 Fang the Fighter (level 11, 0/120 HPs)
             Began as a Gargoyle Berserker on Nov 6, 2019.
             Was the Champion of Trog.
             Slain by a tentacled monstrosity (9 damage)
             ... summoned by Rodetim
             ... in the Dungeon (Sprint V: "Ziggurat Sprint").
             The game lasted 00:02:39 (688 turns).

Fang the Fighter (Gargoyle Berserker)                Turns: 688, Time: 00:02:39

Health: 0/120      AC: 49    Str: 36    XL:     11   Next: 23%
Magic:  1/20       EV:  4    Int: 11    God:    Trog [******]
Gold:   0          SH: 33    Dex: 12    Spells: 10/10 levels left

rFire    . . .     SeeInvis .   a - +5 broad axe (flame)
rCold    . . .     Gourm    .   E - +18 shield of the Gong {rElec rN+ MR+ EV-5}
rNeg     + + +     Faith    .   b - +15 Maxwell's patent armour {-Cast -Tele rElec MR+ rCorr}
rPois    ∞         Spirit   .   (no helmet)
rElec    +         Reflect  .   G - scarf {repulsion}
rCorr    +         Harm     .   z - +0 pair of gloves {Str+3}
MR       +++..     NoTele   +   C - +1 pair of boots "Hidenuk" {rN+} Stlth ..........NoCast +
                                (no amulet)
HPRegen  0.30/turn              x - ring "Qynod" {MR+ MP+9 Str+3 Int+4 Dex+3}
MPRegen  0.17/turn              o - ring of Robustness {AC+8}

@: berserking (expiring), weakened, constricted, studying Polearms, repel
missiles, very quick
A: negative energy resistance 1, electricity resistance, unbreathing,
petrification resistance, rot immunity, AC +8
a: Berserk, Trog's Hand, Brothers in Arms, Renounce Religion


You were in the Dungeon.
You worshipped Trog.
Trog was exalted by your worship.
You were hungry.

You visited 1 branch

Inventory:

Hand Weapons
 a - a +5 broad axe of flaming (weapon)
Armour
 b - the +15 Maxwell's patent armour (worn) {-Cast -Tele rElec MR+ rCorr}
   (You found it in the Dungeon)

   It insulates you from electricity.
   It affects your resistance to hostile enchantments.
   It prevents spellcasting.
   It prevents most forms of teleportation.
   It provides partial protection from all sources of acid and corrosion.
 z - a +0 pair of gloves of strength (worn)
 C - the +1 pair of boots "Hidenuk" (worn) {rN+}
   (You found it in the Dungeon)

   It protects you from negative energy.
 E - the +18 shield of the Gong (worn) {rElec rN+ MR+ EV-5}
   (You found it in the Dungeon)

   It affects your evasion (-5).
   It insulates you from electricity.
   It protects you from negative energy.
   It affects your resistance to hostile enchantments.
 G - a scarf of repulsion (worn)
Jewellery
 o - the ring of Robustness (right hand) {AC+8}
   (You found it in the Dungeon)

   [ring of protection]

   It affects your AC (+8).
 x - the ring "Qynod" (left hand) {MR+ MP+9 Str+3 Int+4 Dex+3}
   (You found it in the Dungeon)

   [ring of intelligence]

   It affects your strength (+3).
   It affects your intelligence (+4).
   It affects your dexterity (+3).
   It affects your resistance to hostile enchantments.
   It affects your magic capacity (+9).
 y - an uncursed ring of protection from cold
 A - an uncursed amulet of magic regeneration
Wands
 u - a wand of disintegration (7)
 v - a wand of iceblast (7)
 w - a wand of acid (7)
Scrolls
 i - 4 scrolls of blinking
 j - 7 scrolls of fog
 k - a scroll of holy word
 l - 5 scrolls of identify
 m - 5 scrolls of remove curse
 n - 2 scrolls of fear
Potions
 d - 10 potions of curing
 e - 10 potions of heal wounds
 f - 6 potions of haste
 h - 3 potions of berserk rage
 p - 2 potions of invisibility
 q - 4 potions of resistance
 r - a potion of experience
 s - 5 potions of agility
 t - 5 potions of might
Books
 B - a manual of Polearms
Comestibles
 c - 7 rations


   Skills:
 * Level 14.7 Fighting
 * Level 12.6 Axes
 + Level 10.6 Armour
 + Level 8.3 Dodging
 * Level 14.3 Shields


You had 10 spell levels left.
You didn't know any spells.
Your spell library was empty.

Dungeon Overview and Level Annotations

Branches:
Dungeon (1/1)

Altars:
Ashenzari
Cheibriados
Dithmenos
Elyvilon
Fedhas
Gozag
Hepliaklqana
Kikubaaqudgha
Makhleb
Nemelex Xobeh
Okawaru
Qazlal
Ru
Sif Muna
Trog
Uskayaw
Vehumet
Wu Jian
Xom
Yredelemnul
Zin
The Shining One
Beogh
Jiyva
Lugonu

Annotations:
D 1 transporter


Innate Abilities, Weirdness & Mutations

You are resistant to torment.
Your stone body is resilient. (AC +8)
You are immune to poison.
You resist negative energy. (rN+)
You are resistant to electric shocks. (rElec)
You can survive without breathing.
You are immune to petrification.
You are immune to rotting.


Message History

You slash the large abomination! You burn the large abomination.
You hit the tentacled monstrosity. You burn the tentacled monstrosity.
You slash the large abomination! You burn the large abomination.
You slash the large abomination! You burn the large abomination.
You destroy the large abomination!
You block Rodetim's attack.
GONNNNG!
The large abomination hits you.
* * * LOW HITPOINT WARNING * * *
You block the red devil's attack.
BONNNG!
You block the large abomination's attack.
GONNNNG!
The tentacled monstrosity tentacle-slaps you!
* * * LOW HITPOINT WARNING * * *
The tentacled monstrosity tentacle-slaps you but does no damage.
You block the tentacled monstrosity's attack.
GONNNNG!
The tentacled monstrosity grabs you.
You die...

▓▓▓▓▓▓▓▓▓▓▓
▓...8©8...▓...8©8...▓
▓..[=})}[.▓..|[..}..▓
▓..[|}[[..▓..=:.|...▓
▓.........▓.........▓
▓.........▓.........▓
▓....4....▓.........▓
▓..XXXXX..▓.........▓
▓..▓@&X▓..▓.........▓
▓.▓XXX..▓.▓.▓..)..▓.▓
▓....©....▓....©....▓
▓▓▓▓▓▓▓▓▓▓▓▓▓▓▓▓▓▓▓▓▓


You could see Rodetim, 3 tentacled monstrosities, 6 large abominations and a red
devil.

Vanquished Creatures
  A black sun (D)
  Erica (D)
  2 soul eaters (D)
  2 sixfirhies (D)
  A slime creature (D)
  An orange demon (D)
  An ice devil (D)
  A hellwing (D)
  An ancient zyme (D)
  Sigmund (D)
  2 spriggans (D)
  2 golden eyes (D)
  2 neqoxecs (D)
  A chaos spawn (D)
  Edmund (D)
  Duvessa (D)
  A hell hound (D)
  3 black bears (D)
  A phantom (D)
  2 necrophages (D)
  4 wolves (D)
  Blork the orc (D)
  Dowan (D)
  6 wights (D)
  4 jellies (D)
  Crazy Yiuf (D)
  An iron imp (D)
  Jessica (D)
  An adder (D)
  A shadow imp (D)
  An ufetubus (D)
  4 oozes (D)
  A spectral adder (D)
  2 adder zombies (D)
  An adder skeleton (D)
  3 spectral bats (D)
  A ball python (D)
  3 bat zombies (D)
  3 giant cockroach zombies (D)
  A jackal skeleton (D)
  2 leopard gecko zombies (D)
  A quokka zombie (D)
72 creatures vanquished.

Notes
Turn   | Place    | Note
-------+----------+-------------------------------------------
     0 | D        | Fang the Gargoyle Berserker began the quest for the Orb.
     0 | D        | Reached XP level 1. HP: 14/14 MP: 1/1
     0 | D        | Found a blossoming altar of Fedhas.
     1 | D        | Found the +6 Majin-Bo {vamp, Archmagi MP+6 Int+6}
     1 | D        | Found the +7 great mace "Firestarter" {inner flame, rF++}
     1 | D        | Found a transporter.
     1 | D        | Found a viscous altar of Jiyva.
     1 | D        | Found an ancient bone altar of Kikubaaqudgha.
     1 | D        | Found a hazy altar of Hepliaklqana.
     1 | D        | Found a corrupted altar of Lugonu.
     1 | D        | Found an opulent altar of Gozag.
     1 | D        | Found a burning altar of Makhleb.
    19 | D        | Found a stormy altar of Qazlal.
    19 | D        | Found an iron altar of Okawaru.
    19 | D        | Found a sacrificial altar of Ru.
    19 | D        | Found a sparkling altar of Nemelex Xobeh.
    19 | D        | Found a shimmering blue altar of Sif Muna.
    19 | D        | Found a bloodstained altar of Trog.
    26 | D        | Found the +9 heavy crossbow "Sniper" {velocity, Acc+∞ SInv}
    26 | D        | Found the +10 dark maul {crush}
    26 | D        | Found the +15 Maxwell's patent armour {-Cast -Tele rElec
                  | MR+ rCorr}
    26 | D        | Found the +18 shield of the Gong {rElec rN+ MR+ EV-5}
    26 | D        | Found the cursed +14 obsidian axe {chop, +Fly SInv *Curse}
    77 | D        | Entered arena 2.
    77 | D        | Found a transporter.
    83 | D        | Reached XP level 2. HP: 20/20 MP: 2/2
   133 | D        | Entered arena 3.
   133 | D        | Noticed an ancient zyme
   133 | D        | Found a transporter.
   134 | D        | Found the ring of Robustness {AC+8}
   135 | D        | Reached ** piety under Trog
   139 | D        | Killed an ancient zyme
   139 | D        | Reached skill level 5 in Armour
   139 | D        | Reached XP level 3. HP: 28/28 MP: 3/3
   139 | D        | Reached XP level 4. HP: 34/34 MP: 4/4
   139 | D        | Reached XP level 5. HP: 38/38 MP: 5/5
   139 | D        | Reached XP level 6. HP: 44/44 MP: 6/6
   171 | D        | Entered arena 4.
   171 | D        | Noticed a hell hound
   171 | D        | Found a transporter.
   176 | D        | Reached *** piety under Trog
   180 | D        | Killed a hell hound
   219 | D        | Entered arena 5.
   219 | D        | Noticed a black bear
   219 | D        | Noticed a spriggan
   219 | D        | Noticed a black bear
   219 | D        | Found a transporter.
   224 | D        | Killed a black bear
   224 | D        | Reached **** piety under Trog
   224 | D        | Reached XP level 7. HP: 50/50 MP: 7/7
   227 | D        | Killed a spriggan
   227 | D        | Reached skill level 5 in Dodging
   281 | D        | Entered arena 6.
   281 | D        | Noticed a spriggan
   281 | D        | Found a transporter.
   283 | D        | Reached skill level 10 in Fighting
   283 | D        | Reached XP level 8. HP: 56/57 MP: 8/8
   284 | D        | Reached ***** piety under Trog
   285 | D        | Received a gift from Trog
   293 | D        | Killed a spriggan
   293 | D        | Reached skill level 10 in Shields
   304 | D        | Entered arena 7.
   305 | D        | Found a transporter.
   334 | D        | Entered arena 8.
   334 | D        | Noticed a slime creature
   334 | D        | Noticed a slime creature
   335 | D        | Found a transporter.
   341 | D        | Killed a large slime creature
   341 | D        | Reached XP level 9. HP: 64/64 MP: 9/9
   341 | D        | Received a gift from Trog
   378 | D        | Entered arena 9.
   379 | D        | Found a transporter.
   384 | D        | Reached skill level 10 in Axes
   390 | D        | Reached ****** piety under Trog
   390 | D        | Received a gift from Trog
   404 | D        | Entered arena 10.
   404 | D        | Noticed Sigmund
   404 | D        | Noticed Jessica
   404 | D        | Noticed Blork the orc
   404 | D        | Noticed Crazy Yiuf
   404 | D        | Noticed Dowan
   404 | D        | Noticed Duvessa
   404 | D        | Noticed Edmund
   404 | D        | Noticed Erica
   405 | D        | Found a transporter.
   410 | D        | Killed Jessica
   411 | D        | Killed Edmund
   412 | D        | Killed Duvessa
   413 | D        | Killed Erica
   415 | D        | Killed Crazy Yiuf
   417 | D        | Killed Blork the orc
   419 | D        | Killed Dowan
   419 | D        | Received a gift from Trog
   419 | D        | Reached XP level 10. HP: 72/72 MP: 10/10
   429 | D        | Killed Sigmund
   480 | D        | Entered arena 11.
   481 | D        | Found the +8 glaive of the Guard {elec, +Rage AC+5 SInv}
   481 | D        | Found a transporter.
   487 | D        | Received a gift from Trog
   512 | D        | Entered arena 12.
   512 | D        | Noticed a soul eater
   512 | D        | Noticed a soul eater
   518 | D        | Received a gift from Trog
   519 | D        | Killed a soul eater
   523 | D        | Killed a soul eater
   524 | D        | Found a transporter.
   530 | D        | Got the ring "Qynod" {MR+ MP+9 Str+3 Int+4 Dex+3}
   537 | D        | Got the +1 pair of boots "Hidenuk" {rN+}
   661 | D        | Entered arena 13.
   661 | D        | Noticed a torturous black sun
   661 | D        | Noticed a sixfirhy
   661 | D        | Noticed Rodetim the pandemonium lord
   661 | D        | Noticed an orange demon
   662 | D        | Found the +3 pair of gauntlets of War {Slay+5}
   662 | D        | Noticed a sixfirhy
   665 | D        | Killed a sixfirhy
   666 | D        | Killed a sixfirhy
   666 | D        | Received a gift from Trog
   666 | D        | Reached skill level 10 in Armour
   667 | D        | Found a transporter.
   669 | D        | Killed an orange demon
   674 | D        | Noticed a large abomination
   674 | D        | Noticed a tentacled monstrosity
   674 | D        | Noticed a tentacled monstrosity
   674 | D        | Reached XP level 11. HP: 80/80 MP: 11/11
   678 | D        | Killed a torturous black sun
   679 | D        | Noticed a tentacled monstrosity
   679 | D        | Noticed a large abomination
   685 | D        | Noticed a tentacled monstrosity
   685 | D        | Noticed a large abomination
   685 | D        | Noticed a large abomination
   685 | D        | Noticed a large abomination
   685 | D        | Noticed a tentacled monstrosity
   688 | D        | Slain by a tentacled monstrosity

Levels and vault maps discovered:
D:        sprint_v [room_start, room_1, room_2, room_3, room_4, room_5, room_6,
          room_7, room_8, room_9, room_10, room_11, room_12, room_13, room_14,
          room_15, room_16, room_17, room_18, room_19, room_20, room_21,
          room_22, room_23, room_24, room_25, room_26, room_27]

Skill      XL: |  1  2  3  4  5  6  7  8  9 10 11 |
---------------+----------------------------------+-----
Fighting       | 4 7 8 10 11 12 14 | 14.7
Axes           | 3 6 7 8 9 10 12 | 12.6
Dodging        | 2 3 4 5 6 7 8 |  8.3
Shields        | 2 6 7 9 10 12 13 14 | 14.3
Armour         | 5 6 8 9 10 | 10.6

Action                   |  1- 3 |  4- 6 |  7- 9 | 10-12 || total
-------------------------+-------+-------+-------+-------++-------
Melee: Broad axe         |    10 |    12 |    46 |    51 ||   119
Invok: Berserk           |     2 |     2 |     2 |     2 ||     8
  Use: Scroll            |     1 |       |       |       ||     1
  Eat: Chunk             |       |       |     3 |     3 ||     6
Armor: Plate armour      |     3 |     4 |    29 |    42 ||    78
Dodge: Dodged            |       |     1 |     1 |     6 ||     8
Block: Shield            |    11 |    17 |    58 |    81 ||   167
